Map: Cyber Forest LE

Players

ShoWTimE - Winner!

  • Race: Protoss Protoss
  • League: Grandmaster
  • Spawn Location: 5:00

lIlIlIlIIlIl (Dear)

  • Race: Protoss Protoss
  • League: Master
  • Spawn Location: 11:00

Event: 2019 Assembly Summer

VOD

Have the link to the VOD?

Description

Time

  • Played on: Aug. 2, 2019, 6:27 a.m.
  • Length: 9:36

All games in this series

Show
View Real Time Build Order
Export as new Build Order

ShoWTimE Protoss - Winner!

Build Orders: Phoenix Opening, Zealot Archon 

Get SALT Encoding   

  12  0:00  Probe  
  13  0:12  Probe  
  14  0:17  Pylon  
  14  0:24  Probe  
  15  0:32  Probe  
  15  0:38  Gateway  
  15  0:40  Probe  
  16  0:45  Assimilator  
  17  0:51  Probe  
  17  0:54  Assimilator  
  18  0:59  Probe  
  19  1:07  Probe  
  19  1:11  Gateway  
  19  1:17  Probe  
  20  1:25  Cybernetics Core  
  21  1:29  Probe  
  22  1:37  Pylon  
  22  1:41  Probe  
  23  1:55  Probe  
  24  2:02  Warp Gate, Sentry, Stalker  
  28  2:12  Pylon  
  28  2:30  Stalker  
  28  2:32  Stalker  
  28  2:35  Phoenix  
  31  2:51  Nexus  
  31  2:58  Shield Battery  
  31  3:00  Probe  
  31  3:04  Sentry  
  34  3:07  Sentry  
  36  3:13  Probe  
  36  3:17  Shield Battery  
  37  3:25  Probe  
  38  3:31  Pylon  
  38  3:39  Probe  
  38  3:40  Robotics Facility  
  39  3:46  Forge  
  39  3:50  Phoenix  
  39  3:53  Pylon  
  39  3:54  Probe  
  40  3:59  Probe  
  40  4:01  Pylon  
  40  4:02  Probe  
  40  4:07  Probe  
  42  4:10  Probe  
  44  4:17  Probe  
  44  4:18  Probe  
  44  4:24  Protoss Ground Weapons Level 1  
  46  4:26  Probe  
  46  4:27  Observer  
  46  4:29  Probe  
  49  4:34  Probe  
  50  4:41  Probe  
  50  4:43  Probe  
  51  4:46  Assimilator  
  51  4:49  Assimilator  
  52  4:53  Immortal  
  52  4:54  Probe  
  52  4:56  Probe  
  52  4:57  Stalker  
  60  5:01  Stalker  
  60  5:06  Probe  
  63  5:10  Twilight Council  
  63  5:14  Probe  
  64  5:19  Pylon  
  64  5:24  Immortal, Phoenix  
  64  5:34  Gateway  
  68  5:37  Gateway, Probe  
  69  5:45  Charge  
  69  5:49  Templar Archives  
  69  5:57  Warp Prism  
  69  6:05  Gateway x2  
  69  6:06  Protoss Ground Weapons Level 2  
  69  6:08  Observer  
  71  6:14  Gateway  
  71  6:18  Gateway  
  71  6:22  Pylon  
  71  6:27  High Templar x2  
  71  6:31  Archon  
  75  6:33  Zealot  
  77  6:40  Stalker  
  79  6:57  Zealot  
  79  7:00  Zealot x2, Pylon  
  82  7:10  High Templar x2  
  86  7:15  Archon  
  86  7:28  Zealot x4  
  94  7:31  Pylon  
  94  7:32  Nexus  
  94  7:35  Pylon  
  94  7:41  Pylon  
  94  7:57  High Templar x3  
  94  7:58  High Templar, Zealot x3  
  102  7:59  Zealot  
  102  8:03  Archon x2  
  110  8:07  Pylon  
  110  8:19  Zealot x4  
  112  8:29  Zealot x3  
  83  8:48  Zealot x5  
  75  8:58  Probe x3  
  78  9:03  High Templar x3  
  78  9:07  Archon  
  78  9:08  High Templar  
  86  9:12  Archon  
  82  9:29  Zealot x4  
Show
View Real Time Build Order
Export as new Build Order

lIlIlIlIIlIl Protoss 

Build Orders: Zealot Archon, Archon Drop 

Get SALT Encoding   

  12  0:00  Probe  
  13  0:12  Probe  
  14  0:17  Pylon  
  14  0:24  Probe  
  15  0:32  Probe  
  15  0:37  Gateway  
  15  0:40  Probe  
  16  0:47  Assimilator  
  17  0:51  Probe  
  18  0:58  Assimilator  
  18  0:59  Probe  
  19  1:07  Probe  
  19  1:14  Gateway  
  19  1:17  Probe  
  20  1:25  Cybernetics Core  
  21  1:29  Probe  
  22  1:34  Pylon  
  22  1:41  Probe  
  23  1:52  Warp Gate  
  23  1:53  Probe  
  24  2:02  Adept x2  
  28  2:09  Pylon  
  28  2:32  Adept x2  
  31  2:48  Nexus  
  31  3:01  Probe  
  31  3:02  Adept x2  
  36  3:10  Pylon  
  36  3:13  Probe  
  37  3:27  Probe  
  38  3:39  Probe  
  38  3:40  Adept x2, Robotics Facility  
  43  3:48  Shield Battery  
  43  3:51  Probe  
  44  3:56  Probe  
  44  4:01  Sentry x2  
  49  4:03  Probe  
  49  4:04  Probe  
  51  4:14  Probe  
  51  4:15  Probe  
  53  4:18  Warp Prism  
  53  4:26  Probe  
  53  4:27  Probe  
  53  4:28  Assimilator  
  53  4:30  Assimilator  
  57  4:37  Pylon  
  57  4:38  Probe  
  57  4:39  Probe  
  57  4:44  Pylon  
  59  4:50  Probe  
  59  4:51  Probe, Pylon  
  61  4:55  Observer  
  61  4:59  Forge  
  62  5:00  Twilight Council  
  62  5:02  Probe  
  62  5:05  Probe  
  64  5:15  Probe  
  64  5:17  Probe  
  64  5:18  Protoss Ground Weapons Level 1  
  66  5:22  Gateway  
  66  5:23  Gateway  
  66  5:27  Probe  
  67  5:31  Probe  
  68  5:36  Charge  
  68  5:40  Templar Archives  
  68  5:50  Nexus  
  68  6:05  Gateway x2  
  68  6:08  Gateway  
  68  6:09  Gateway  
  68  6:17  High Templar  
  68  6:18  High Templar x3  
  76  6:19  Probe x2  
  76  6:21  Archon  
  76  6:22  Archon  
  76  6:23  Pylon  
  78  6:32  Immortal  
  82  6:34  Probe x2  
  84  6:42  Pylon  
  84  6:48  Pylon  
  84  6:51  High Templar x2, Zealot  
  84  6:52  Zealot  
  92  6:56  Archon  
  92  7:01  Pylon, Stalker  
  94  7:02  Stalker  
  96  7:09  Stalker x2  
  100  7:16  High Templar x2  
  100  7:19  Warp Prism  
  100  7:21  Archon  
  104  7:24  Zealot x3  
  104  7:27  Zealot  
  112  7:37  Zealot  
  114  7:47  Zealot  
  114  7:48  Zealot x3  
  122  7:53  Zealot x2  
  126  8:00  Pylon  
  126  8:03  Pylon  
  124  8:10  Pylon  
  124  8:18  High Templar x2  
  124  8:19  Zealot x2  
  132  8:23  Archon  
  128  8:32  Zealot x2  
  103  8:40  Zealot x4  
  64  8:53  High Templar x2  
  64  8:54  High Templar x2  
  56  8:57  Archon x2  
  56  9:02  Zealot x4  
  59  9:16  Zealot x2  
  59  9:17  Zealot  
  53  9:27  Zealot x3  
Tags
 
Add a new tag
Caveats
  • Supply blocks, unpowered buildings, or Contaminate may cause inaccurate times.
  • Supply counts are checked every 10 seconds.